 Dungeon Crawl Stone Soup version 0.20.1-1-g8b1a95d (webtiles) character file.

5105 tmwrnj the Cleaver (level 10, -3/86 HPs)
             Began as a Hill Orc Fighter on July 5, 2017.
             Was an Initiate of Beogh.
             Slain by an ogre
             ... wielding a +0 giant spiked club
             ... created by the rage of Trog
              (22 damage)
             ... on level 9 of the Dungeon.
             The game lasted 00:33:28 (10716 turns).

tmwrnj the Cleaver (Hill Orc Fighter)              Turns: 10716, Time: 00:33:29

Health: -3/86      AC: 24    Str: 21    XL:     10   Next: 57%
Magic:  10/10      EV:  7    Int:  8    God:    Beogh [......]
Gold:   532        SH:  0    Dex: 12    Spells: 9/9 levels left

rFire    . . .     SeeInvis .   P - +4 battleaxe
rCold    . . .     Gourm    .   (shield currently unavailable)
rNeg     . . .     Faith    .   o - +0 plate armour
rPois    .         Spirit   .   y - +0 helmet
rElec    .         Reflect  .   x - +2 cloak
rCorr    .         Harm     .   e - +0 pair of gloves
MR       .....                  (no boots)
Stlth    ..........             (no amulet)
Regen    0.3/turn               (no ring)
MPRegen  0.2/turn               J - +5 ring of protection

@: no status effects
A: no striking features
a: Renounce Religion


You were on level 9 of the Dungeon.
You worshipped Beogh.
Beogh was noncommittal.
You were not hungry.

You visited 2 branches of the dungeon, and saw 10 of its levels.

You collected 532 gold pieces.

Inventory:

Hand Weapons
 a - a +0 war axe
 P - a +4 battleaxe (weapon)
Armour
 c - a +0 shield
 e - a +0 pair of gloves (worn)
 o - a +0 plate armour (worn)
 v - a +0 large shield
 x - a +2 cloak (worn)
 y - a +0 helmet (worn)
 Q - a +0 chain mail
Jewellery
 w - an uncursed ring of fire
 G - an uncursed ring of resist corrosion
 J - a +5 ring of protection (right hand)
Wands
 A - a wand of clouds (4/9)
 H - a wand of iceblast (3/15)
 K - a wand of iceblast (9/15)
 N - a wand of polymorph (18/24)
Scrolls
 b - a scroll of fear {unknown}
 g - 6 scrolls of teleportation
 h - 4 scrolls of enchant armour
 j - 6 scrolls of identify
 n - a scroll of fog {unknown}
 p - a scroll of remove curse
 s - a scroll of enchant weapon {unknown}
 t - a scroll of amnesia {unknown}
 u - a scroll of noise {unknown}
Potions
 d - 2 potions of might
 l - 2 potions of flight
 m - 2 potions of berserk rage
 q - 6 potions of curing
 z - a potion of lignification {unknown}
 B - 3 potions of heal wounds
 C - 3 potions of haste
 E - a potion of ambrosia {unknown}
 F - a potion of brilliance {unknown}
 L - a potion of mutation {unknown}
 M - 2 potions of degeneration {unknown}
Comestibles
 f - 9 bread rations
 i - 8 royal jellies
 k - 3 fruits
 r - 9 meat rations
 D - 2 chunks of flesh


   Skills:
 + Level 7.3 Fighting
 + Level 12.0 Axes
 + Level 7.6 Armour
 + Level 2.4 Dodging
 + Level 0.8 Stealth
 + Level 9.7 Shields


You had 9 spell levels left.
You didn't know any spells.

Dungeon Overview and Level Annotations

Branches:
Dungeon (9/15)             Temple (1/1) D:5            Lair (0/6) D:8
    Orc (0/2) D:9

Altars:
Ashenzari
Cheibriados
Elyvilon
Gozag
Hepliaklqana
Ru
Trog
Uskayaw
Xom
Yredelemnul
The Shining One
Beogh

Shops:
D:6 (

Annotations:
D:4 Eustachio
D:7 vishdafish's ghost, novice GrFi


Message History

The polar bear bites you but does no damage.
The polar bear claws you but does no damage. x2
The polar bear bites you! The polar bear barely misses you.
The polar bear claws you but does no damage.
You slash the ogre!
The ogre is moderately wounded.
Your plate armour prevents you from hitting the polar bear.
The ogre barely misses you. The polar bear bites you!
The polar bear claws you but does no damage. x2
The ogre barely misses you.
You slash the ogre!
The ogre is heavily wounded.
You hit the polar bear. The polar bear bites you.
The polar bear claws you but does no damage. x2
The polar bear bites you!
* * * LOW HITPOINT WARNING * * *
The polar bear barely misses you.
The polar bear claws you but does no damage.
The ogre hits you with a giant spiked club!!
You die...

......# #.# #......[#
####..# #.# #.......# #
...# #.#####.......# # ##
#.>...........# ..
#######.......# #.#
#.......# #.# #.......#
############ ####.####
#(.((.Oh@Oh# #.#
########.#######.# #.#
.........# #.#######.#
..#..#..########.........#
..............##########.#
..#..#...####.# #.###
.........# #.# ##...##
##########
#.#########.....## #.
#(...............#


You could see a polar bear (berserk), a black bear (berserk) and 2 ogres.

Vanquished Creatures
  Joseph (D:8)
  A komodo dragon (D:8)
  2 yaks (D:7)
  2 hogs (D:7)
  A human (D:7)
  Grum (D:8)
  An orc warrior (D:6)
  An ice beast (D:7)
  4 sky beasts
  A black bear (D:9)
  2 necrophages
  3 phantoms
  An ogre (D:5)
  2 wolves (D:8)
  A centaur (D:9)
  5 bullfrogs
  Blork the orc (D:4)
  3 scorpions
  5 killer bees (D:8)
  6 wights
  4 howler monkeys
  A bullfrog zombie (D:5)
  4 crimson imps
  4 orc priests
  Crazy Yiuf (D:4)
  A gnoll shaman (D:7)
  A bullfrog skeleton (D:6)
  A hound (D:7)
  4 jellies
  A centaur skeleton (D:7)
  2 iguanas
  6 orc wizards
  5 worker ants
  A hound skeleton (D:4)
  4 gnolls (D:7)
  11 adders
  10 oozes
  2 adder skeletons
  3 worms
  A dart slug (D:1)
  4 leopard geckos
  26 orcs
  4 ball pythons
  5 giant cockroaches
  5 goblins
  8 hobgoblins
  16 jackals
  6 quokkas
  7 bats
  5 frilled lizards
  2 jackal skeletons (D:4)
  21 kobolds
  A quokka skeleton (D:5)
  4 rats
  8 fungi (D:4)
233 creatures vanquished.

Vanquished Creatures (others)
  An orc wizard (D:8)
  4 fungi (D:4)
  2 plants (D:8)
  10 toadstools (D:4)
17 creatures vanquished.

Grand Total: 250 creatures vanquished

Notes
Turn   | Place    | Note
-------+----------+-------------------------------------------
     0 | D:1      | tmwrnj the Hill Orc Fighter began the quest for the Orb.
     0 | D:1      | Reached XP level 1. HP: 19/19 MP: 1/1
   162 | D:1      | You fall through a shaft!
   165 | D:2      | Reached XP level 2. HP: 27/27 MP: 2/2
   348 | D:2      | Reached skill level 3 in Axes
   639 | D:2      | Reached XP level 3. HP: 33/33 MP: 3/3
  1407 | D:2      | Reached skill level 4 in Axes
  1516 | D:2      | Reached XP level 4. HP: 40/40 MP: 4/4
  2723 | D:3      | Reached XP level 5. HP: 32/46 MP: 5/5
  3329 | D:4      | Reached skill level 5 in Axes
  3490 | D:4      | Found a runed door.
  3494 | D:4      | Noticed Crazy Yiuf
  3504 | D:4      | Killed Crazy Yiuf
  3894 | D:4      | Noticed Blork the orc
  3934 | D:4      | Noticed a phantom
  3989 | D:4      | Reached XP level 6. HP: 23/52 MP: 6/6
  4006 | D:4      | Killed a phantom
  4016 | D:4      | Noticed Eustachio
  4515 | D:5      | Entered Level 5 of the Dungeon
  4726 | D:5      | Reached skill level 5 in Shields
  4802 | D:5      | Reached skill level 6 in Axes
  4802 | D:5      | Reached skill level 1 in Dodging
  4833 | D:5      | Reached XP level 7. HP: 60/60 MP: 7/7
  5298 | D:5      | Found a staircase to the Ecumenical Temple.
  5959 | D:4      | Killed Blork the orc
  5959 | D:4      | Reached skill level 7 in Axes
  5998 | D:4      | Reached skill level 5 in Fighting
  6004 | D:4      | Reached XP level 8. HP: 59/68 MP: 8/8
  6007 | D:4      | Reached skill level 5 in Armour
  6139 | Temple   | Entered the Ecumenical Temple
  6196 | Temple   | Became a worshipper of Trog the Wrathful
  6339 | D:6      | Reached skill level 8 in Axes
  6529 | D:6      | Reached skill level 9 in Axes
  6603 | D:6      | Reached * piety under Trog
  6668 | D:6      | Found a white marble altar of Elyvilon.
  6700 | D:6      | Found Imel's Antique Weapon Boutique.
  6931 | D:6      | Reached XP level 9. HP: 48/75 MP: 9/9
  7419 | D:7      | Noticed vishdafish's ghost (novice GrFi)
  7512 | D:7      | Reached skill level 10 in Axes
  7932 | D:7      | Found a snail-covered altar of Cheibriados.
  8065 | D:7      | Found a sacrificial altar of Ru.
  8523 | D:8      | Noticed Grum
  8603 | D:7      | Reached XP level 10. HP: 67/84 MP: 10/10
  8606 | D:7      | Reached skill level 11 in Axes
  8776 | D:7      | Reached ** piety under Trog
  9193 | D:8      | Killed Grum
  9493 | D:8      | Noticed Joseph
  9513 | D:8      | Killed Joseph
  9775 | D:8      | Found a staircase to the Lair.
 10202 | D:8      | Found a basalt altar of Yredelemnul.
 10564 | D:9      | Found a roughly hewn altar of Beogh.
 10590 | D:9      | Found a staircase to the Orcish Mines.
 10603 | D:9      | Fell from the grace of Trog
 10603 | D:9      | Became a worshipper of Beogh the Brigand
 10635 | D:9      | Reached skill level 12 in Axes
 10716 | D:9      | Slain by an ogre

Skill      XL: |  1  2  3  4  5  6  7  8  9 10 |
---------------+-------------------------------+-----
Axes           | 3 4 5 6 7 9 10 12 | 12.0
Shields        | 4 5 7 8 9 |  9.7
Fighting       | 4 5 6 7 |  7.3
Armour         | 4 5 7 |  7.6
Dodging        | 1 2 |  2.4
Stealth        | |  0.8

Action                   |  1- 3 |  4- 6 |  7- 9 | 10-12 || total
-------------------------+-------+-------+-------+-------++-------
Melee: War axe           |   119 |   300 |   487 |   120 ||  1026
       Battleaxe         |       |       |       |    50 ||    50
Invok: Burn Spellbooks   |       |       |     1 |       ||     1
  Use: Scroll            |       |     3 |     1 |     3 ||     7
       Potion            |       |       |     2 |       ||     2
 Stab: Paralysed         |       |       |       |     1 ||     1
  Eat: Chunk             |     2 |    10 |    11 |     7 ||    30
       Fruit             |       |     1 |     3 |       ||     4
Armor: Scale mail        |    52 |   129 |     8 |       ||   189
       Chain mail        |       |       |   174 |    24 ||   198
       Plate armour      |       |       |       |    50 ||    50
Dodge: Dodged            |    31 |    59 |    44 |    27 ||   161
Block: Shield            |    61 |    42 |       |       ||   103
       Large shield      |       |   174 |   379 |    95 ||   648
